 Dungeon Crawl Stone Soup version 0.31-a0-233-g139696dc86 (webtiles) character file.

Game seed: 13526988894742866463

72 qw the Shooter (level 4, -1/36 HPs)
             Began as a Minotaur Hexslinger on July 8, 2023.
             Succumbed to an adder's poison
             ... on level 2 of the Dungeon.
             The game lasted 00:00:33 (1015 turns).

qw the Shooter (Minotaur Hexslinger)                Turns: 1015, Time: 00:00:34

Health: -1/36      AC:  5    Str: 12    XL:     4   Next: 6%
Magic:  4/4        EV: 11    Int: 10    God:
Gold:   56         SH:  0    Dex: 15    Spells: 4/5 levels left

rFire   . . .        Y - +1 sling
rCold   . . .        (no shield)
rNeg    . . .        e - +0 ring mail
rPois   .            (helmet restricted)
rElec   .            (no cloak)
rCorr   .            (no gloves)
SInv    .            (no boots)
Will    .....        (no amulet)
Stlth   +            (no ring)
HPRegen 0.26/turn    (no ring)
MPRegen 0.09/turn

%: no passive effects
@: lethally poisoned (-1 -> -9)
A: horns 2, retaliatory headbutt
a: no special abilities


You were on level 2 of the Dungeon.
You visited 1 branch of the dungeon, and saw 2 of its levels.

You collected 188 gold pieces.
You spent 132 gold pieces at shops.


Innate Abilities, Weirdness & Mutations

You have a pair of horns on your head.
You reflexively headbutt those who attack you in melee.


   Skills:
 - Level 2.0 Fighting
 + Level 4.4 Ranged Weapons
 - Level 1.0 Armour
 - Level 2.1 Dodging
 - Level 1.0 Spellcasting
 - Level 2.0 Hexes


You had 4 spell levels left.
You knew the following spells:

 Your Spells              Type           Power      Damage    Failure   Level
a - Slow                  Hex            16%        N/A       34%         1

Your spell library contained the following spells:

 Spells                   Type           Power      Damage    Failure   Level
 Inner Flame              Hex/Fire       2%         N/A       83%         3
 Portal Projectile        Hex/Tloc       4%         N/A       83%         3
 Cause Fear               Hex            2%         N/A       98%         4

Inventory:

Hand Weapons
 Y - a +1 sling (weapon)
Armour
 e - a +0 ring mail (worn)
Scrolls
 a - a scroll of fog {unknown}
 d - a scroll of identify
 g - a scroll of teleportation {unknown}
Potions
 b - 3 potions of curing
 c - a potion of might
 f - a potion of mutation {unknown}
 h - a potion of enlightenment {unknown}

Dungeon Overview and Level Annotations

Branches:
Dungeon (2/15)

Altars:

Shops:
D:1 :   D:2 :!*


Message History

You shoot a sling bullet.
The sling bullet closely misses the adder.
The sling bullet hits the ball python.
The ball python is severely wounded.
You feel sick. The adder bites you but does no damage.
You shoot a sling bullet.
The sling bullet closely misses the adder.
The sling bullet hits the ball python.
You kill the ball python!
You feel sick. The adder misses you. The adder closely misses you.
You shoot a sling bullet. The sling bullet hits the adder.
The adder is moderately wounded.
You feel sick. The adder bites you but does no damage. The adder misses you.
You furiously retaliate!
You headbutt the adder!
You kill the adder!
You have reached level 4!
You feel agile.
1010 ||| Stepping ~*~*~tactically~*~*~ (outnumbered).
You feel sick.
There is an open door here.
Items here: % ( )).
You start resting.
You feel sick.
You are no longer poisoned.
The adder bites you but does no damage.
You shoot a sling bullet.
The sling bullet barely misses the adder.
The adder closely misses you.
You shoot a sling bullet. The sling bullet misses the adder.
The adder bites you.
You are poisoned.
The adder poisons you! The adder bites you.
You are more poisoned.
The adder poisons you!
You shoot a sling bullet. The sling bullet hits the adder.
The adder is heavily wounded.
You feel very sick. The adder bites you.
The adder bites you but does no damage.
You shoot a sling bullet.
The sling bullet barely misses the adder.
You die...

###%##.#### ##.#### #.# ##.##..
#.##....>##.....## #.####.>###.
#.# #....###..# #...........
#.# #...##.##.# #.####.###..
#.# #.#.%(..#.###........#..
#.# #...##.##.....##.....#..
#.# #....#'#####............
#.# ##.#####S##.[##.##.....#..
#.# #.##.lS%#@[.(.#.##........
#.####.#((lsS##[..(#..#######..
#......#$(.!r###..##...........
####.#.#.....+.####...#.#####.#
#...##.[.##.....).#.## #.#
##...#####.....##..## #.#
####.......###.#.(... ..#
######### #.###### ### ###


You could see an adder.

Vanquished Creatures
  2 adders (D:2)
  2 worms (D:2)
  A dart slug (D:2)
  2 endoplasms (D:2)
  5 giant cockroaches
  4 goblins
  3 hobgoblins (D:1)
  2 jackals (D:1)
  3 kobolds
  5 quokkas
  6 ball pythons
  2 bats
  A frilled lizard (D:2)
  4 rats
42 creatures vanquished.

Notes
Turn   | Place    | Note
-------+----------+-------------------------------------------
     0 | D:1      | qw the Minotaur Hexslinger began the quest for the Orb.
     0 | D:1      | Reached XP level 1. HP: 16/16 MP: 1/1
     0 | D:1      | 0 ||| qw: Version: 0.3-a-46-gb1f654a
     0 | D:1      | 0 ||| qw: Game counter: 3543
     0 | D:1      | 0 ||| qw: Melee chars always use a shield: true
     0 | D:1      | 0 ||| qw: God list: Okawaru
     0 | D:1      | 0 ||| qw: Allow faded altars: false
     0 | D:1      | 0 ||| qw: Do Orc after clearing Dungeon:15 true
     0 | D:1      | 0 ||| qw: Do second Lair branch before Depths: true
     0 | D:1      | 0 ||| qw: Lair rune preference: random
     0 | D:1      | 0 ||| qw: Goals: Normal
     0 | D:1      | 0 ||| PLANNING D:1-11
    88 | D:1      | Found Piholl's Vocational Training.
   106 | D:1      | Reached skill level 3 in Ranged Weapons
   107 | D:1      | Reached XP level 2. HP: 23/23 MP: 2/2
   464 | D:1      | 464 ||| UPGRADING to +0 ring mail.
   474 | D:1      | 474 ||| DROPPING +0 robe.
   475 | D:1      | 475 ||| READING scroll labelled CIVOXI ROOBYPH.
   476 | D:1      | 476 ||| READING scroll labelled IDUENU HERYOTE.
   477 | D:1      | 477 ||| DRINKING 2 bubbling red potions.
   478 | D:1      | 478 ||| DROPPING scroll of poison.
   479 | D:1      | 479 ||| DROPPING potion of brilliance.
   593 | D:2      | Found Xokkabbe's Book Shoppe.
   655 | D:2      | Reached XP level 3. HP: 28/29 MP: 3/3
   755 | D:2      | Found Fedaywupp's General Store.
   762 | D:2      | 762 ||| BUYING potion of curing (30 gold).
   762 | D:2      | Bought a potion of curing for 30 gold pieces
   762 | D:2      | 762 ||| BUYING potion of might (40 gold).
   762 | D:2      | Bought a potion of might for 40 gold pieces
   762 | D:2      | 762 ||| SHOPLISTING ring of willpower (250 gold, have 69).
   762 | D:2      | 762 ||| BUYING scroll of identify (20 gold).
   762 | D:2      | Bought a scroll of identify for 20 gold pieces
   784 | D:2      | Reached skill level 4 in Ranged Weapons
   916 | D:2      | Found Xateudiz's Distillery.
   929 | D:2      | 929 ||| SHOPLISTING 2 potions of haste (280 gold, have 80).
   929 | D:2      | 929 ||| BUYING potion of curing (42 gold).
   929 | D:2      | Bought a potion of curing for 42 gold pieces
   929 | D:2      | 929 ||| SHOPLISTING potion of enlightenment (70 gold, have
                  | 38).
   929 | D:2      | 929 ||| SHOPLISTING potion of haste (140 gold, have 38).
   929 | D:2      | 929 ||| SHOPLISTING potion of heal wounds (70 gold, have
                  | 38).
   929 | D:2      | 929 ||| SHOPLISTING potion of might (56 gold, have 38).
   967 | D:2      | Reached skill level 1 in Armour
   996 | D:2      | Noticed a scorpion
  1010 | D:2      | Reached XP level 4. HP: 10/36 MP: 4/4
  1010 | D:2      | 1010 ||| Stepping ~*~*~tactically~*~*~ (outnumbered).
  1010 | D:2      | HP: 9/36 [poisoned by an adder]
  1014 | D:2      | HP: 2/36 [poisoned by an adder]
  1015 | D:2      | Succumbed to an adder's poison

Levels and vault maps discovered:
D:1:      lightli_arrival_lavapool, layout_rooms, chequers_mini_garden,
          nicolae_shop_vocational
D:2:      layout_loops_ring, serial_shops, nicolae_shop_behind_doors, shop,
          nicolae_shop_rolled_up, nicolae_shop_waterfront,
          nicolae_shop_just_a_little_nook, st_stairs_14, minmay_joined_circles

Skill      XL: |  1  2  3 |
---------------+----------+-----
Ranged Weapons | 3 4 |  4.4
Fighting       | 2 |  2.0
Armour         | 1 |  1.0
Dodging        | |  2.1
Spellcasting   | |  1.0
Hexes          | |  2.0

Action                     |  1- 3 |  4- 6 || total
---------------------------+-------+-------++-------
   Fire: Sling             |   138 |     4 ||   142
    Use: Scroll            |     2 |       ||     2
         Potion            |     1 |       ||     1
 Armour: Ring mail         |    25 |     2 ||    27
  Dodge: Dodged            |    34 |     1 ||    35

Table legend:
 A = Non-vault XP
 B = Vault XP
 C = Vault XP percentage of total XP
 D = Non-vault monster count
 E = Vault monster count
 F = Vault count percentage of total count
                 A         B        C        D         E       F
            +---------+---------+-------+---------+---------+-------
      Total |      73 |      30 |  29.1 |      32 |      10 |  23.8
            +---------+---------+-------+---------+---------+-------
        D:1 |      29 |       0 |   0.0 |      17 |       0 |   0.0
        D:2 |      44 |      30 |  40.5 |      15 |      10 |  40.0
            +---------+---------+-------+---------+---------+-------
